 Dungeon Crawl Stone Soup version 0.28-a0-1184-g53156a8862 (webtiles) character file.

Game seed: 13543230123339584344

105 siradein the Caller (level 4, -2/30 HPs)
             Began as a Vampire Summoner on Dec 17, 2021.
             Slain by a hound (4 damage)
             ... on level 2 of the Dungeon.
             The game lasted 00:09:54 (1770 turns).

siradein the Caller (Vampire Summoner)              Turns: 1770, Time: 00:09:54

Health: -2/30      AC:  3    Str:  7    XL:     4   Next: 53%
Magic:  1/8        EV: 13    Int: 19    God:
Gold:   91         SH:  0    Dex: 20    Spells: 2/8 levels left

rFire   . . .      SeeInvis +   h - +0 short sword
rCold   . . .      Faith    .   (no shield)
rNeg    . . .      Spirit   .   a - +0 robe
rPois   .          Reflect  .   j - +0 helmet
rElec   .          Harm     .   (no cloak)
rCorr   .          Rampage  .   (no gloves)
Will    .....                   (no boots)
Stlth   +++.......              (no amulet)
HPRegen 0.30/turn               b - +6 ring of dexterity
MPRegen 0.11/turn               (no ring)

@: very slightly contaminated, healing quickly, studying Shields
A: alive, fangs 3, see invisible, vampiric 2
a: Exsanguinate


You were on level 2 of the Dungeon.
You visited 1 branch of the dungeon, and saw 3 of its levels.

You collected 91 gold pieces.

Inventory:

Hand Weapons
 h - a +0 short sword (weapon)
Armour
 a - a +0 robe (worn)
 j - a +0 helmet (worn)
Jewellery
 b - a +6 ring of dexterity (left hand)
Scrolls
 c - a scroll of holy word {unknown}
 d - 2 scrolls of silence {unknown}
 g - a scroll of identify {unknown}
 i - a scroll of summoning {unknown}
 l - a scroll of fog {unknown}
 m - a scroll of fear {unknown}
 o - a scroll of magic mapping {unknown}
 s - a scroll of torment {unknown}
Potions
 e - 2 potions of curing {unknown}
 f - 2 potions of heal wounds {unknown}
 k - a potion of degeneration {unknown}
 n - 2 potions of mutation {unknown}
 p - a potion of flight {unknown}
 q - a potion of attraction {unknown}
 r - a potion of ambrosia {unknown}


   Skills:
 - Level 2.1 Dodging
 - Level 3.0 Stealth
 + Level 2.8 Spellcasting
 * Level 5.2 Summonings
 + Level 1.3 Air Magic


You had 2 spell levels left.
You knew the following spells:

 Your Spells              Type           Power      Damage    Failure   Level
a - Summon Small Mammal   Summ           88%        N/A       1%          1
b - Call Imp              Summ           22%        N/A       2%          2
c - Call Canine Familiar  Summ           22%        N/A       5%          3

Your spell library contained the following spells:

 Spells                   Type           Power      Damage    Failure   Level
 Summon Guardian Golem    Hex/Summ       12%        N/A       16%         3
 Summon Lightning Spire   Summ/Air       15%        N/A       36%         4


Dungeon Overview and Level Annotations

Branches:
Dungeon (3/15)

Altars:
Ashenzari


Innate Abilities, Weirdness & Mutations

Your natural rate of healing is accelerated.
You have razor-sharp teeth.
You have supernaturally acute eyesight. (SInv)
You are afflicted with vampirism and can become a bat while bloodless.


Message History

The orc closely misses you. The hound misses you.
You miss the hound. Your bite misses the hound.
Your hound bites the hound.
The hound barely misses you.
Your hound bites the hound.
The orc misses you.
You barely miss the hound.
The hound is moderately wounded.
The hound bites you.
Your hound misses the hound. The hound bites you.
The orc hits you with a +0 short sword.
Your hound closely misses the hound.
The hound bites you.
Your hound misses the hound. The hound bites you.
Your hound bites the hound.
The hound misses you.
Your hound closely misses the hound.
There is a stone staircase leading up here.
The hound bites you.
Your hound completely misses the hound.
The orc hits you with a +0 short sword. The hound bites you.
* * * LOW HITPOINT WARNING * * *
You climb upwards.
There is a stone staircase leading down here.
Casting: Call Canine Familiar (dangerous; 5% risk of failure)
Confirm with . or Enter, or press ? or * to list all spells.
You miscast Call Canine Familiar.
You are very lightly contaminated with residual magic.
Nothing appears to happen.
The hound barely misses you. The orc closely misses you.
Casting: Call Canine Familiar (dangerous; 5% risk of failure)
Confirm with . or Enter, or press ? or * to list all spells.
A beastly little devil appears in a puff of flame.
The hound completely misses you. The orc closely misses you.
The hound misses you.
You hit the orc.
The orc is lightly wounded.
The hound bites you.
* * * LOW HITPOINT WARNING * * *
The orc misses you.
Your crimson imp completely misses the orc.
Unknown command.
You closely miss the orc.
The orc is lightly wounded.
The hound bites you but does no damage. The orc hits you with a +0 short sword.
* * * LOW HITPOINT WARNING * * *
The hound bites you.
You die...

..................<.## #####
##..##############...## .#..#
##.....## .#..# ###.......####
.#..# ######............#
.#..#####......#.......##.#######
.(.....##.#######................
##..##.##.########...#.##.#######
##.#.#........5o@h..........#
#h###..###...#####>..#.#.##.##
.## ##....>#.# ##.##.#.#...####
#.###..###.†.# #.##.#.........
#.h#.#......## #.##.###...####
#.#.######..# #.##.# ##.## #.###
####..## #.##†# #.# #.# #......##
#.##.# #.# #.#
##.....#.#####.##.####.#


You could see a hound, an orc (ally target) and a friendly crimson imp
(summoned).

Vanquished Creatures
  A worm (D:2)
  2 dart slugs
  3 bats
  5 endoplasms
  2 giant cockroaches (D:2)
  2 hobgoblins (D:1)
  3 kobolds
  A quokka (D:2)
  2 ball pythons
  6 goblins
  7 rats
34 creatures vanquished.

Vanquished Creatures (collateral kills)
  4 adders (D:2)
  A dart slug (D:1)
  2 orcs (D:3)
  3 ball pythons (D:1)
  A giant cockroach (D:1)
  3 goblins (D:1)
  4 hobgoblins
  A kobold (D:1)
  A quokka (D:2)
  2 rats
22 creatures vanquished.

Grand Total: 56 creatures vanquished

Notes
Turn   | Place    | Note
-------+----------+-------------------------------------------
     0 | D:1      | siradein the Vampire Summoner began the quest for the Orb.
     0 | D:1      | Reached XP level 1. HP: 13/13 MP: 3/3
   121 | D:1      | Found a faded altar of an unknown god.
   159 | D:1      | Reached XP level 2. HP: 4/19 MP: 1/5
   253 | D:1      | Learned a level 2 spell: Call Imp
   600 | D:1      | Gained mutation: You are afflicted with vampirism and can
                  | become a bat while bloodless. [Vampire growth]
   600 | D:1      | Reached XP level 3. HP: 19/24 MP: 3/6
   786 | D:1      | Learned a level 3 spell: Call Canine Familiar
  1087 | D:2      | Found a broken altar of Ashenzari.
  1093 | D:2      | Reached skill level 5 in Summonings
  1145 | D:2      | Reached XP level 4. HP: 30/30 MP: 4/8
  1150 | D:2      | Reached skill level 1 in Air Magic
  1770 | D:2      | Slain by a hound

Illustrated notes

Levels and vault maps discovered:
D:1:      lightli_arrival_flooded_house, layout_rooms,
          hellmonk_ecumenical_altar_lost_god, serial_corexii_hall,
          chequers_hall_statues_corner_a, corexii_hall_statues_s,
          hangedman_decor_opposing, minmay_bisected
D:2:      layout_loops_ring, basic_altar, kennysheep_generic_room_6
D:3:      layout_rooms

Skill      XL: |  1  2  3  4 |
---------------+-------------+-----
Summonings     | 5 |  5.2
Air Magic      | 1 |  1.3
Dodging        | |  2.1
Stealth        | |  3.0
Spellcasting   | |  2.8

Action                   |  1- 3 |  4- 6 || total
-------------------------+-------+-------++-------
Melee: Unarmed           |    15 |       ||    15
       Dagger            |    36 |       ||    36
       Bite              |    10 |       ||    10
       Short sword       |    64 |    25 ||    89
 Cast: Summon Small Mamm |     9 |       ||     9
       Call Imp          |     8 |     1 ||     9
       Call Canine Famil |       |     4 ||     4
 Stab: Sleeping          |    12 |     6 ||    18
Armor: Robe              |    26 |     2 ||    28
Dodge: Dodged            |    89 |    22 ||   111

Table legend: (Time is in decaauts)
 A = Elapsed time spent in this place.
 B = Non-inter-level travel time spent in this place.
 C = Inter-level travel time spent in this place.
 D = Time resting spent in this place.
 E = Time spent auto-exploring this place.
 F = Levels seen in this place.
 G = Mean time per level.
                   A        B        C        D        E       F      G
               +--------+--------+--------+--------+--------+-----+--------+
         Total |   1777 |   1722 |     55 |      0 |   1237 |   3 |  592.3 |
       Dungeon |   1777 |   1722 |     55 |      0 |   1237 |   3 |  592.3 |
               +--------+--------+--------+--------+--------+-----+--------+

Top non-repeatable levels by time:
     D:2: 942 daAuts
     D:1: 822 daAuts
     D:3: 12 daAuts
